 Dungeon Crawl Stone Soup version 0.23.0 (webtiles) character file.

Game seed: 16927399864537608219

2346 wilfster70 the Thaumaturge (level 9, -6/49 HPs)
             Began as a Deep Elf Fire Elementalist on Feb 8, 2019.
             Was an Initiate of Vehumet.
             Mangled by an orc warrior
             ... wielding a +0 trident
              (18 damage)
             ... on level 6 of the Dungeon.
             The game lasted 00:28:58 (6472 turns).

wilfster70 the Thaumaturge (DEFE)                   Turns: 6472, Time: 00:28:58

Health: -6/49      AC:  5    Str:  5    XL:     9   Next: 20%
Magic:  19/25      EV: 14    Int: 24    God:    Vehumet [......]
Gold:   287        SH:  0    Dex: 17    Spells: 11/28 levels left

rFire    . . .     SeeInvis .   a - +1 dagger (venom)
rCold    . . .     Gourm    .   (no shield)
rNeg     . . .     Faith    .   d - +0 robe
rPois    .         Spirit   .   z - +0 helmet
rElec    .         Reflect  .   t - +0 cloak
rCorr    .         Harm     .   (no gloves)
MR       .....                  x - +0 pair of boots
Stlth    ++........             (no amulet)
HPRegen  0.16/turn              v - +2 ring of dexterity
MPRegen  0.19/turn              (no ring)

@: no status effects
A: no striking features
a: Renounce Religion


You were on level 6 of the Dungeon.
You worshipped Vehumet.
Vehumet was noncommittal.
You were not hungry.

You visited 2 branches of the dungeon, and saw 7 of its levels.

You collected 677 gold pieces.
You spent 390 gold pieces at shops.

Inventory:

Hand Weapons
 a - a +1 dagger of venom (weapon)
 b - a +0 hunting sling
Missiles
 e - 3 curare-tipped needles
 h - 344 stones (quivered)
 q - 4 javelins
 E - 17 sling bullets
Armour
 d - a +0 robe (worn)
 t - a +0 cloak (worn)
 x - a +0 pair of boots (worn)
 z - a +0 helmet (worn)
Jewellery
 k - a cursed ring of attention {unknown}
 v - a +2 ring of dexterity (left hand)
Wands
 r - a wand of random effects (21)
Scrolls
 l - a scroll of noise {unknown}
 n - 2 scrolls of teleportation
 p - a scroll of remove curse
 u - a scroll of amnesia {unknown}
 w - a scroll of blinking {unknown}
 y - a scroll of random uselessness {unknown}
 B - 2 scrolls of fog {unknown}
 D - a scroll of magic mapping
 F - a scroll of identify
Potions
 f - 2 potions of invisibility {unknown}
 g - 2 potions of agility
 i - a potion of haste {unknown}
 j - a potion of cancellation {unknown}
 m - a potion of mutation {unknown}
 o - 3 potions of heal wounds {unknown}
 s - 4 potions of lignification
 A - a potion of flight {unknown}
Comestibles
 c - 6 rations
 C - 2 chunks of flesh


   Skills:
 + Level 2.5 Fighting
 - Level 1.4 Slings
 - Level 3.5 Dodging
 - Level 2.4 Stealth
 - Level 10.3 Spellcasting
 - Level 6.1 Conjurations
 + Level 2.4 Summonings
 - Level 6.0 Fire Magic
 * Level 3.3 Air Magic


You had 11 spell levels left.
You knew the following spells:

 Your Spells              Type           Power        Failure   Level  Hunger
a - Flame Tongue          Conj/Fire      #####        1%          1    None
b - Conjure Flame         Conj/Fire      #####...     1%          3    None
c - Sticky Flame          Conj/Fire      #####...     4%          4    #......
d - Fireball              Conj/Fire      #####.....   12%         5    ####...
e - Summon Lightning Spi  Summ/Air       ####....     16%         4    #......

Your spell library contained the following spells:

 Spells                   Type           Power        Failure   Level  Hunger
 Sting                    Conj/Pois      ####         1%          1    None
 Summon Small Mammal      Summ           ###.         1%          1    None
 Throw Flame              Conj/Fire      #####.       1%          2    None
 Call Imp                 Summ           ###.....     2%          2    None
 Inner Flame              Hex/Fire       ####....     4%          3    None
 Call Canine Familiar     Summ           ###.....     5%          3    None
 Summon Guardian Golem    Hex/Summ       ###.....     10%         3    None
 Summon Ice Beast         Ice/Summ       ###.....     30%         4    #......


Dungeon Overview and Level Annotations

Branches:
Dungeon (6/15)             Temple (1/1) D:6

Altars:
Ashenzari
Cheibriados
Dithmenos
Elyvilon
Fedhas
Gozag
Hepliaklqana
Kikubaaqudgha
Makhleb
Nemelex Xobeh
Okawaru
Qazlal
Ru
Sif Muna
Trog
Uskayaw
Vehumet
Wu Jian
Xom
Yredelemnul
Zin
The Shining One

Shops:
D:5 (?[:

Annotations:
D:3 2 transporters, RatmanManrat's ghost, weakling MiBe


Message History

Aim: an orc warrior, wielding a +0 trident and wearing a +0 plate armour (lightly wounded)
The flame tongue hits the orc warrior.
The orc warrior is moderately wounded.
The orc shouts!
The orc warrior hits you from afar with a +0 trident!
An orc comes into view. It is wielding a +0 hand axe.
The orc warrior hits you with a +0 trident!!
* * * LOW HITPOINT WARNING * * *
The orc shouts!
Casting: Flame Tongue (safe; 1% risk of failure)
Confirm with . or Enter, or press ? or * to list all spells.
Aiming: Sticky Flame (safe; 4% risk of failure)
Press: ? - help, Shift-Dir - straight line, f/p - orc warrior
Aim: an orc warrior, wielding a +0 trident and wearing a +0 plate armour (moderately wounded)
The sticky flame hits the orc warrior.
The orc warrior is heavily wounded.
The orc warrior is covered in liquid flames!
The orc warrior burns!
The orc warrior hits you with a +0 trident!!
You die...

#....................##...#...##
#########.......................
#...............#########
#...............#
#...............####.
#..........(.........
#...............[....
##..(.........$.....#
##....(@(...........
###[..o.....#...#.#
##<............## #
#..........###.......
#..o.o......###.###..#
..............##.......
.........#..............#
................##......###.
..........#.###.##......>...


You could see an orc warrior (burning) and 2 orcs.

Vanquished Creatures
  Duvessa (D:6)
  2 ice beasts
  A black bear (D:6)
  4 ogres
  2 phantoms
  2 centaurs (D:6)
  Dowan (D:6)
  2 scorpions (D:4)
  A water moccasin skeleton (D:4)
  4 wights (D:6)
  3 howler monkeys
  A crimson imp (D:5)
  3 jellies
  2 bullfrog skeletons (D:5)
  A hound (D:5)
  3 orc priests
  3 orc wizards
  2 iguanas
  Crazy Yiuf (D:2)
  5 worker ants
  A hound skeleton (D:4)
  A worker ant zombie (D:5)
  11 adders
  An adder zombie (D:6)
  4 worms
  A dart slug (D:3)
  8 leopard geckos
  16 orcs
  5 ball pythons
  6 bats
  7 giant cockroaches
  8 goblins
  8 hobgoblins
  8 jackals
  A quokka (D:5)
  5 frilled lizards
  A giant cockroach zombie (D:6)
  A jackal skeleton (D:5)
  3 kobolds
  A quokka zombie (D:5)
  7 rats
148 creatures vanquished.

Notes
Turn   | Place    | Note
-------+----------+-------------------------------------------
     0 | D:1      | wilfster70 the Deep Elf Fire Elementalist began the quest
                  | for the Orb.
     0 | D:1      | Reached XP level 1. HP: 10/10 MP: 6/6
   568 | D:1      | Reached XP level 2. HP: 15/15 MP: 2/8
   796 | D:2      | Reached XP level 3. HP: 17/19 MP: 6/10
   852 | D:2      | Found a runed translucent door.
   853 | D:2      | Noticed Crazy Yiuf
   864 | D:2      | Killed Crazy Yiuf
  1255 | D:2      | Reached XP level 4. HP: 21/24 MP: 5/11
  1338 | D:2      | Reached skill level 4 in Spellcasting
  1420 | D:2      | Learned a level 3 spell: Conjure Flame
  1425 | D:2      | Learned a level 4 spell: Sticky Flame
  1742 | D:3      | Noticed an ice beast
  1757 | D:3      | Killed an ice beast
  1757 | D:3      | Reached XP level 5. HP: 28/28 MP: 4/14
  1908 | D:3      | Found a transporter.
  1909 | D:3      | Noticed RatmanManrat's ghost (weakling MiBe)
  1932 | D:3      | Learned a level 5 spell: Fireball
  2081 | D:3      | Found a transporter.
  2226 | D:3      | Found an opulent altar of Gozag.
  2458 | D:3      | Reached skill level 5 in Spellcasting
  2458 | D:3      | Reached XP level 6. HP: 32/32 MP: 13/15
  3275 | D:4      | Reached skill level 5 in Fire Magic
  3285 | D:4      | Reached skill level 5 in Conjurations
  3439 | D:4      | Found a white marble altar of Elyvilon.
  3756 | D:4      | Reached XP level 7. HP: 36/36 MP: 8/17
  3819 | D:4      | Reached skill level 6 in Spellcasting
  4401 | D:4      | Reached skill level 7 in Spellcasting
  4533 | D:5      | Entered Level 5 of the Dungeon
  4557 | D:6      | Reached skill level 8 in Spellcasting
  4557 | D:6      | Reached XP level 8. HP: 41/41 MP: 18/22
  4589 | D:6      | Reached skill level 9 in Spellcasting
  4833 | D:6      | Reached skill level 10 in Spellcasting
  4922 | D:6      | Found a staircase to the Ecumenical Temple.
  4931 | Temple   | Entered the Ecumenical Temple
  4965 | Temple   | Became a worshipper of Vehumet
  5020 | D:5      | Found Neockol's Magic Scroll Boutique.
  5054 | D:5      | Found Ezyqeoc's Antique Armour Boutique.
  5110 | D:5      | Found Ici Uqer's Antique Weapon Boutique.
  5219 | D:5      | Reached skill level 1 in Fighting
  5219 | D:5      | Reached skill level 1 in Slings
  5521 | D:5      | Found Cikhego's Book Shop.
  5545 | D:5      | Bought a book of Callings for 390 gold pieces
  5550 | D:5      | Learned a level 4 spell: Summon Lightning Spire
  5618 | D:5      | Reached skill level 1 in Summonings
  5618 | D:5      | Reached skill level 1 in Air Magic
  5761 | D:6      | Noticed Duvessa
  5762 | D:6      | Noticed Dowan
  5777 | D:6      | Killed Duvessa
  5777 | D:6      | Reached XP level 9. HP: 44/48 MP: 16/25
  5780 | D:6      | Killed Dowan
  5806 | D:6      | Reached * piety under Vehumet
  5806 | D:6      | Offered knowledge of Sting by Vehumet.
  6472 | D:6      | Mangled by an orc warrior

Skill      XL: |  1  2  3  4  5  6  7  8  9 |
---------------+----------------------------+-----
Conjurations   | 2 3 4 5 6 |  6.1
Spellcasting   | 4 5 8 10 | 10.3
Fire Magic     | 4 5 6 |  6.0
Dodging        | 3 |  3.5
Fighting       | 2 |  2.5
Slings         | 1 |  1.4
Summonings     | 1 2 |  2.4
Air Magic      | 2 3 |  3.3
Stealth        | |  2.4

Action                   |  1- 3 |  4- 6 |  7- 9 || total
-------------------------+-------+-------+-------++-------
Melee: Dagger            |    22 |    16 |    20 ||    58
 Cast: Flame Tongue      |    35 |   105 |   144 ||   284
       Conjure Flame     |       |     1 |     2 ||     3
       Sticky Flame      |       |     3 |    20 ||    23
  Use: Scroll            |       |     1 |     6 ||     7
 Stab: Sleeping          |     3 |     5 |     2 ||    10
  Eat: Chunk             |       |     5 |    10 ||    15
       Ration            |       |     1 |       ||     1
Armor: Robe              |     4 |     3 |    11 ||    18
       Leather armour    |       |     3 |     7 ||    10
Dodge: Dodged            |    30 |    35 |    50 ||   115
